 Dungeon Crawl Stone Soup version 0.22.1-1-ga44c0e5 (webtiles) character file.

502 Irenicus the Chopper (level 6, 0/56 HPs)
             Began as a Deep Dwarf Wanderer on Oct 6, 2018.
             Slain by an ogre
             ... wielding a +0 giant spiked club
              (2 damage)
             ... on level 5 of the Dungeon.
             The game lasted 00:10:28 (1665 turns).

Irenicus the Chopper (Deep Dwarf Wanderer)          Turns: 1665, Time: 00:10:29

Health: 0/56       AC:  8    Str: 18    XL:     6   Next: 95%
Magic:  8/8        EV:  9    Int: 11    God:
Gold:   332        SH:  0    Dex: 13    Spells: 8/8 levels left

rFire    . . .     SeeInvis .   o - +0 war axe
rCold    . . .     Gourm    .   (no shield)
rNeg     + . .     Faith    .   a - +2 scale mail
rPois    .         Spirit   .   (no helmet)
rElec    .         Reflect  .   (no cloak)
rCorr    .         Harm     .   (no gloves)
MR       .....                  (no boots)
Stlth    ..........             (no amulet)
HPRegen  0.00/turn              r - ring of positive energy {rN+}
MPRegen  0.11/turn              (no ring)

@: non-regenerating
A: damage resistance, heal wounds, sense surroundings 1, no regeneration
a: Heal Wounds


You were on level 5 of the Dungeon.
You were not hungry.

You visited 1 branch of the dungeon, and saw 5 of its levels.
You also visited: Ossuary.

You collected 332 gold pieces.

Inventory:

Hand Weapons
 b - a +0 mace
 n - a +0 whip of draining
   (You took it off a kobold on level 2 of the Dungeon)
 o - a +0 war axe (weapon)
   (You took it off an orc on level 3 of the Dungeon)
Armour
 a - a +2 scale mail (worn)
Jewellery
 r - a ring of positive energy (left hand) {rN+}
   (You found it on level 3 of the Dungeon)
Wands
 y - a wand of digging (15)
   (You found it on level 5 of the Dungeon)
Scrolls
 c - 2 scrolls of immolation {unknown}
 e - 8 scrolls of remove curse
 f - a scroll of fog {unknown}
 g - 5 scrolls of teleportation
 k - a scroll of magic mapping {unknown}
 l - a scroll of random uselessness {unknown}
 m - 2 scrolls of fear {unknown}
 q - a scroll of enchant weapon {unknown}
 u - a scroll of blinking {unknown}
 z - a scroll of identify
Potions
 h - a potion of heal wounds
 i - 3 potions of flight
 j - 3 potions of agility
 p - a potion of cancellation
 s - 2 potions of curing {unknown}
 t - 3 potions of lignification {!q}
 v - 2 potions of might
 w - a potion of brilliance
 x - a potion of mutation {unknown}
Comestibles
 d - 6 rations


   Skills:
 - Level 3.3 Fighting
 * Level 6.9 Axes
 - Level 1.0 Throwing
 - Level 3.3 Armour
 - Level 1.7 Spellcasting
   Level 1.0 Charms
 - Level 1.4 Evocations


You had 8 spell levels left.
You didn't know any spells.
Your spell library contained the following spells:

 Spells                   Type           Power        Failure   Level  Hunger
 Corona                   Hex            #......      67%         1    ##.....
 Freeze                   Ice            #...         67%         1    ##.....
 Ensorcelled Hibernation  Hex/Ice        #.....       80%         2    ###....
 Throw Frost              Conj/Ice       #.....       80%         2    ###....
 Ozocubu's Armour         Chrm/Ice       #.......     92%         3    ####...
 Confuse                  Hex            #.......     95%         3    ####...
 Dazzling Spray           Conj/Hex       #.....       95%         3    ####...
 Tukima's Dance           Hex            #.......     95%         3    ####...
 Summon Ice Beast         Ice/Summ       #.......     100%        4    #####..
 Throw Icicle             Conj/Ice       #.......     100%        4    #####..


Dungeon Overview and Level Annotations

Branches:
Dungeon (5/15)
 Temple: D:4-7

Altars:
Ashenzari


Innate Abilities, Weirdness & Mutations

You are resistant to damage.
You can heal yourself by infusing magical energy.
You passively map a small area around you.
You do not regenerate.


Message History

The orc priest hits you but does no damage.
The orc priest calls upon Beogh to heal the orc wizard.
The orc wizard's wounds heal themselves!
You hit the orc priest.
The orc priest hits you but does no damage.
You closely miss the orc wizard. You closely miss the orc priest.
The orc priest completely misses you.
The orc wizard hits you but does no damage.
You hit the orc wizard.
You hit the orc priest but do no damage.
The orc priest hits you but does no damage.
The orc wizard hits you but does no damage.
You hit the orc priest.
You kill the orc priest!
Your Axes skill increases to level 6!
You hit the orc wizard.
The orc wizard gestures wildly while chanting.
The orc wizard blinks!
You cannot move.
You are feeling hungry.
You slash the orc wizard!
You kill the orc wizard!
You cannot move.
You start waiting.
Your transformation is almost over.
You start waiting.
You feel less wooden.
Your +2 scale mail unmelds from your body.
You now have 25/56 hp.
Items here: ))) [ a dagger; a robe; a club; a morningstar There isn't anything to butcher here.
Okay, then.
Items here: ( )) †† a shortbow; 20 arrows; a club; a centaur corpse; an orc corpse You butcher the centaur corpse.
Items here: % ( )) ÷ † a shortbow; 20 arrows; a club; 4 chunks of flesh {@w0}; a centaur skeleton an orc corpse Eating one of 4 chunks of flesh {@w0}.
You eat one of the 4 chunks of flesh {@w0}.
There is a stone staircase leading up here.
Things that are here:
a dagger; a leather armour
Things that are here:
a leather armour; a vampiric short sword {!w}; a leather armour You see here a scroll of remove curse.
e - 8 scrolls of remove curse (gained 1)
You see here a wand of digging (15).
y - a wand of digging (15)
You hit the orc but do no damage. The orc hits you but does no damage.
You hit the orc.
The orc hits you with a flail of holy wrath.
You take 1 damage, and have 24/56 hp.
You hit the orc. The orc barely misses you.
You slash the orc!
You kill the orc!
Things that are here:
a flail of holy wrath; a ring mail A sky beast comes into view.
There is an open door here.
The sky beast hits you but does no damage.
You closely miss the sky beast.
The sky beast hits you but does no damage. x2
You slash the sky beast! The sky beast hits you. The sky beast shocks you.
You take 7 damage, and have 17/56 hp.
You closely miss the sky beast. The sky beast completely misses you.
Your scale mail prevents you from hitting the sky beast.
The sky beast closely misses you.
You closely miss the sky beast. The sky beast closely misses you.
You slash the sky beast!
The sky beast hits you but does no damage.
The sky beast closely misses you.
You barely miss the sky beast.
The sky beast hits you but does no damage.
Your scale mail prevents you from hitting the sky beast.
The sky beast hits you but does no damage.
You miss the sky beast. The sky beast misses you.
You slash the sky beast!
You kill the sky beast!
You see here a scroll of identify.
z - a scroll of identify You see here a potion of agility.
j - 3 potions of agility (gained 1)
You open the door.
There is an open door here.
An ogre comes into view. It is wielding a giant spiked club.
The ogre shouts!
The ogre barely misses you.
You see here a book of Maledictions.
You pick up a book of Maledictions and begin reading...
You add the spells Corona, Ensorcelled Hibernation, Confuse, Tukima's Dance and The ogre hits you but does no damage.
You slash the ogre!
The ogre hits you with a giant spiked club!
* * * LOW HITPOINT WARNING * * *
You take 15 damage, and have 2/56 hp.
MASSIVE DAMAGE!!
You barely miss the ogre.
The ogre hits you with a giant spiked club.
You die...

.####.## , ,*
........ ,** #.#
.##..... , #.# .#
*..)# * #.# .# #.##
#.# .# #.# #.# .#
#.# #.# ## ##'## #.#
# ##...## ###@###
###.....## #...O.#
##.......## #...#.#
#.........####...#.#
'.........'........#
#.........####...#.#
##.......## #.....#
###.....## #.#.#.# #
##...## *.###.#.#


You could see an ogre.

Vanquished Creatures
  A sky beast (D:5)
  A centaur (D:5)
  2 orc priests (D:5)
  An orc wizard (D:5)
  A big kobold zombie (Ossuary)
  8 mummies (Ossuary)
  3 gnolls (D:4)
  2 adders
  An adder skeleton (D:4)
  A dart slug (D:2)
  4 leopard geckos
  11 orcs
  7 bats
  4 giant cockroaches
  A gnoll zombie (Ossuary)
  4 goblins
  3 hobgoblins
  3 jackals (D:3)
  2 frilled lizards
  3 hobgoblin zombies (Ossuary)
  A kobold (D:2)
  A kobold zombie (Ossuary)
  3 orc zombies
  3 rats
71 creatures vanquished.

Notes
Turn   | Place    | Note
-------+----------+-------------------------------------------
     0 | D:1      | Irenicus the Deep Dwarf Wanderer began the quest for the
                  | Orb.
     0 | D:1      | Irenicus set off with: a +2 scale mail, a +0 mace, a wand
                  | of random effects (15), a ration
     0 | D:1      | Reached XP level 1. HP: 18/18 MP: 3/3
   152 | D:1      | Reached XP level 2. HP: 24/26 MP: 4/4
   155 | D:1      | Reached skill level 2 in Fighting
   465 | D:2      | Reached XP level 3. HP: 19/33 MP: 5/5
   531 | D:2      | Found a faded altar of an unknown god.
   756 | D:3      | Reached skill level 3 in Fighting
   839 | D:3      | Found a shattered altar of Ashenzari.
  1045 | D:4      | Found a sand-covered staircase.
  1055 | Ossuary  | Entered an ossuary
  1070 | Ossuary  | HP: 5/34 [mummy (7)]
  1074 | Ossuary  | Reached skill level 2 in Axes
  1074 | Ossuary  | Reached XP level 4. HP: 5/42 MP: 6/6
  1090 | Ossuary  | Reached skill level 3 in Axes
  1099 | Ossuary  | HP: 8/42 [mummy (10)]
  1105 | Ossuary  | HP: 2/42 [mummy (6)]
  1109 | Ossuary  | Reached XP level 5. HP: 35/49 MP: 7/7
  1129 | Ossuary  | HP: 10/49 [mummy (5)]
  1130 | Ossuary  | Reached skill level 4 in Axes
  1560 | D:5      | Entered Level 5 of the Dungeon
  1561 | D:5      | HP: 10/49 [orc priest/divine providence (13)]
  1562 | D:5      | Noticed a centaur
  1566 | D:5      | Reached skill level 5 in Axes
  1569 | D:5      | Killed a centaur
  1569 | D:5      | Reached XP level 6. HP: 38/56 MP: 8/8
  1574 | D:5      | Reached skill level 6 in Axes
  1630 | D:5      | Noticed a sky beast
  1643 | D:5      | Killed a sky beast
  1664 | D:5      | HP: 2/56 [ogre/giant spiked club (15)]
  1665 | D:5      | Slain by an ogre

Skill      XL: |  1  2  3  4  5  6 |
---------------+-------------------+-----
Fighting       | 2 3 |  3.3
Axes           | 2 3 5 6 |  6.9
Throwing       | |  1.0
Armour         | |  3.3
Spellcasting   | |  1.7
Charms         | |  1.0
Evocations     | |  1.4

Action                   |  1- 3 |  4- 6 || total
-------------------------+-------+-------++-------
Melee: Mace              |    72 |       ||    72
       War axe           |    35 |    76 ||   111
       Whip              |    18 |       ||    18
 Abil: Heal Wounds       |       |     2 ||     2
Evoke: Wand              |     1 |    14 ||    15
  Use: Potion            |       |     6 ||     6
       Scroll            |       |     6 ||     6
 Stab: Sleeping          |       |     1 ||     1
  Eat: Chunk             |     1 |     2 ||     3
Armor: Scale mail        |    92 |    22 ||   114
       Skin              |       |    21 ||    21
Dodge: Dodged            |   105 |    33 ||   138

Vault maps used:
D:1:      nzn_arrival_settlement, minmay_close_crescents
D:2:      chequers_ecumenical_altar_simple_redux
D:3:      overflow_temple_1_default, first_ration
D:4:      minmay_temple_entry_fiery, enter_ossuary_3
D:5:      grunt_temple_overflow_order_and_chaos_1
Ossuary:  ossuary_tomb_3

Table legend:
 A = Turns spent in this place as a percentage of turns spent in the entire game.
 B = Non-inter-level travel turns spent in this place as a percentage of non-inter-level travel turns spent in the entire game.
 C = Inter-level travel turns spent in this place as a percentage of turns spent in this place.
 D = Turns resting spent in this place as a percentage of non-inter-level travel turns spent in this place.
 E = Turns spent auto-exploring this place as a percentage of non-inter-level travel turns spent in this place.
 F = Non-inter-level travel turns spent in this place divided by the number of levels of this place that you've seen.
                   A       B       C       D       E      F
               +-------+-------+-------+-------+-------+----------------------
         Total | 100.0 | 100.0 |   2.5 |   0.8 |   0.0 | 270.5
       Dungeon |  86.8 |  86.5 |   2.9 |   0.9 |   0.0 | 280.8
       Ossuary |  13.2 |  13.5 |   0.0 |   0.0 |   0.0 | 219.0
               +-------+-------+-------+-------+-------+----------------------

Table legend:
 A = Kills in this place as a percentage of kills in entire the game.
 B = Kills by you in this place as a percentage of kills by you in the entire game.
 C = Kills by friends in this place as a percentage of kills by friends in the entire game.
 D = Other kills in this place as a percentage of other kills in the entire game.
 E = Experience gained in this place as a percentage of experience gained in the entire game.
 F = Experience gained in this place divided by the number of levels of this place that you have seen.
                   A       B       C       D       E      F
               +-------+-------+-------+-------+-------+----------------------
         Total | 100.0 | 100.0 |   N/A |   N/A | 100.0 | 119.7
       Dungeon |  77.5 |  77.5 |   N/A |   N/A |  75.1 | 107.8
       Ossuary |  22.5 |  22.5 |   N/A |   N/A |  24.9 | 179.0
               +-------+-------+-------+-------+-------+----------------------
